 Dungeon Crawl Stone Soup version 0.17-a0-776-gd86b262 (webtiles) character file.

134945 kroki the Severer (level 16, 0/114 HPs)
             Began as a Vampire Berserker on Apr 24, 2015.
             Was the Champion of Trog.
             Killed by Olgreb's Toxic Radiance
             ... invoked by a naga ritualist
              (6 damage)
             ... on level 2 of the Snake Pit.
             The game lasted 01:23:12 (26167 turns).

kroki the Severer (Vampire Berserker)              Turns: 26167, Time: 01:23:12

Health: 0/114      AC: 37    Str: 17    XL:     16   Next: 63%
Magic:  0/16       EV: 13    Int: 10    God:    Trog [******]
Gold:   526        SH:  0    Dex: 19    Spells: 0 memorised, 15 levels left

rFire  + . .     SeeInvis +     N - +8 broad axe (vamp)
rCold  . . .     Clarity  .     X - +1 plate armour of Creativity {rF+ Regen+}
rNeg   . . .     SustAb   .     (no shield)
rPois  .         Gourm    .     H - +2 hat {MR+}
rElec  .         Spirit   .     t - +2 cloak
rCorr  .         Warding  .     o - +0 pair of gloves
rMut   .         Stasis   .     h - +1 pair of boots
MR     ++++.                    m - amulet of regeneration
Stlth  ..........               j - +5 ring of protection
                                O - +3 ring of protection

@: lethally poisoned (0 -> -21), regenerating, incredibly resistant to hostile
enchantments, extremely unstealthy
A: fangs 3, iridescent scales 1, see invisible, frail 1, spit poison 1,
unbreathing
a: Spit Poison, Burn Spellbooks, Berserk, Trog's Hand, Brothers in Arms,
Renounce Religion


You were on level 2 of the Snake Pit.
You worshipped Trog.
Trog was exalted by your worship.
You were very full.

You visited 4 branches of the dungeon, and saw 29 of its levels.
You also visited: Labyrinth, Ossuary and Ice Cave.

You collected 3100 gold pieces.
You spent 2574 gold pieces at shops.

Inventory:

Hand weapons
 i - the +8 mithril axe "Arga" {speed, MR+ Str+2}
   (You bought it in a shop on level 4 of the Orcish Mines)

   Attacks with this weapon are significantly faster.
   It affects your strength (+2).
   It affects your resistance to hostile enchantments.
 N - a +8 vampiric broad axe (weapon)
   (You took it off Asterion on level 2 of the Snake Pit)
 T - a +6 antimagic battleaxe {god gift}
   (Trog gifted it to you on level 15 of the Dungeon)
Missiles
 K - 3 throwing nets (quivered) {!f}
Armour
 h - a +1 pair of boots (worn)
   (You found it on level 6 of the Dungeon)
 o - a +0 pair of gloves (worn)
   (You found it on level 3 of the Lair of Beasts)
 t - a +2 cloak (worn)
   (You found it on level 3 of the Dungeon)
 H - a +2 hat of magic resistance (worn)
   (You took it off Gastronok on level 3 of the Lair of Beasts)
 X - the +1 plate armour of Creativity (worn) {rF+ Regen+}
   (You bought it in a shop on level 6 of the Dungeon)

   It protects you from fire.
   It increases your rate of regeneration.
 Z - the +6 large shield "Aheschai" {MR++ rCorr Str-5 Int+2}
   (You took it off Louise on level 15 of the Dungeon)

   It affects your strength (-5).
   It affects your intelligence (+2).
   It affects your resistance to hostile enchantments.
   It protects you from acid and corrosion.
Jewellery
 j - a +5 ring of protection (right hand)
   (You found it on level 4 of the Dungeon)
 l - an uncursed ring of sustain abilities
   (You found it on level 2 of the Dungeon)
 m - an amulet of regeneration (around neck)
   (You found it on level 5 of the Lair of Beasts)
 z - an uncursed ring of protection from fire
   (You found it on level 2 of the Snake Pit)
 A - an uncursed ring of poison resistance
   (You found it on level 6 of the Lair of Beasts)
 O - a +3 ring of protection (left hand)
   (You found it on level 11 of the Dungeon)
 W - an uncursed ring of teleportation
   (You bought it in a shop on level 1 of the Snake Pit)
Magical devices
 a - a wand of teleportation (4)
   (You found it on level 2 of the Snake Pit)
 y - a wand of disintegration (16)
   (You found it on level 1 of the Snake Pit)
 B - a wand of teleportation (7)
   (You found it on level 5 of the Dungeon)
 C - a wand of paralysis (7)
   (You found it on level 1 of the Snake Pit)
 F - a wand of invisibility (4)
   (You found it on level 13 of the Dungeon)
 L - a wand of digging (7)
   (You found it on level 9 of the Dungeon)
 P - a wand of slowing (28)
   (You found it on level 4 of the Lair of Beasts)
 Y - a wand of confusion (26)
   (You found it on level 11 of the Dungeon)
Scrolls
 b - 5 scrolls of magic mapping
 e - 4 scrolls of fear
 p - 12 scrolls of remove curse
 s - a scroll of summoning
 v - 3 scrolls of enchant armour
 x - 2 scrolls of blinking
 G - 11 scrolls of teleportation
 J - a scroll of acquirement
 M - 4 scrolls of immolation
 Q - 2 scrolls of fog
 V - a scroll of recharging
Potions
 c - a potion of blood
 d - 14 potions of curing
 f - 10 potions of restore abilities
 k - 8 potions of heal wounds
 n - a potion of cancellation
 q - 5 potions of might
 r - 2 potions of resistance
 u - 6 potions of invisibility
 w - 4 potions of brilliance
 I - 4 potions of agility
 U - 2 potions of haste
Books
 E - a book of the Warp
   (You found it on level 15 of the Dungeon)

   Spells                             Type                      Level
   a - Recall                         Summoning/Translocation      3
   b - Gell's Gravitas                Hexes/Translocation          3
   c - Control Teleport               Charms/Translocation         4
   d - Force Lance                    Conjuration/Translocation    4
   e - Phase Shift                    Translocation                5
   f - Warp Weapon                    Charms/Translocation         5
   g - Summon Forest                  Summoning/Translocation      5
   Trog disapproves of the use of such an item.
 S - a book of Battle
   (You found it in a labyrinth)

   Spells                             Type                      Level
   a - Infusion                       Charms                       1
   b - Shroud of Golubria             Charms/Translocation         2
   c - Song of Slaying                Charms                       2
   d - Spectral Weapon                Hexes/Charms                 3
   e - Regeneration                   Charms/Necromancy            3
   Trog disapproves of the use of such an item.
Miscellaneous
 g - a phantom mirror
 R - a phial of floods
   (You found it on level 4 of the Lair of Beasts)


   Skills:
 + Level 12.2 Fighting
 - Level 18.0 Axes
 + Level 11.2 Armour
 + Level 14.1 Dodging
 - Level 2.5 Shields


You had 15 spell levels left.
You didn't know any spells.

Dungeon Overview and Level Annotations

Branches:
Dungeon (15/15)            Temple (0/1) D:4            Lair (8/8) D:9
 Shoals (0/5) Lair:4        Snake (2/5) Lair:4          Orc (4/4) D:10
    Elf (0/3) Orc:4        Vaults (0/5) D:13         Depths (0/5) D:15
  Slime: Lair:6-8

Altars:
Ashenzari
Elyvilon
Gozag
Okawaru
Qazlal
Trog
Vehumet
Xom
The Shining One
Beogh

Shops:
D:6 [[   Orc:4 [(?:   Snake:1 *

Portals:
Trove: D:12 (give 16 potions of curing)

Annotations:
Lair:1 exclusion: oklob plant


Innate Abilities, Weirdness & Mutations

Your natural rate of healing is unusually fast.
You have razor-sharp teeth.
You have supernaturally acute eyesight.
You can survive without breathing.
You are partially covered in iridescent scales (AC +4).
You are frail (-10% HP).
You can spit weak poison.


Message History

Unknown command.
You feel sick. The mana viper bites you!
You feel your power leaking away. The naga ritualist spits poison at you.
The splash of poison misses you.
The mana viper bites you but does no damage.
You miss the mana viper.
You feel sick.
The naga ritualist points at you and mumbles some strange words.
The poison in your body grows stronger. You resist with almost no effort.
The mana viper bites you but does no damage.
You slash the mana viper!
The mana viper is moderately wounded.
You feel sick. The mana viper misses you.
The naga ritualist casts a spell.
The naga ritualist begins to radiate toxic energy.
You closely miss the mana viper. Your bite misses the mana viper.
The mana viper is moderately wounded.
You feel sick.
You are more poisoned.
The mana viper bites you.
You feel your power leaking away.
You miss the mana viper.
The mana viper is moderately wounded.
You feel sick.
You closely miss the mana viper.
The mana viper is moderately wounded.
You feel sick.
You are more poisoned.
The mana viper bites you but does no damage.
You slice the mana viper!!
The mana viper is severely wounded.
You feel sick.
You are more poisoned.
The mana viper bites you!
* * * LOW HITPOINT WARNING * * *
You feel your power leaking away.
The naga ritualist casts a spell at you.
The poison in your body grows stronger. You resist with almost no effort.
Use which ability? (? or * to list)
Your skin crawls.
You feel resistant to hostile enchantments.
You feel slightly less full.
You feel very sick.
* * * LOW HITPOINT WARNING * * *
You are lethally poisoned!
The mana viper bites you.
* * * LOW HITPOINT WARNING * * *
The naga ritualist spits poison at you. The splash of poison misses you.
The mana viper bites you but does no damage.
Read which item? (? for menu, Esc to quit)
As you read the scroll of fear, it crumbles to dust.
You assume a fearsome visage.
The mana viper resists with almost no effort.
The naga ritualist looks frightened!
* * * LOW HITPOINT WARNING * * *
You feel very sick.
* * * LOW HITPOINT WARNING * * *
You are more poisoned.
The mana viper closely misses you.
Unknown command.
* * * LOW HITPOINT WARNING * * *
You feel very sick.
You die...

~~~~~~~~~........## #....#
~.......~.........# ##...## ##
~.~~.~~.~.........## #....#
.####.~.~...~.~..........# #....#
........~.N.~............###....#
......~.~...~.~...........##....#
#.....~.~~.~~.~S................#
##....~.......~................##
#...~~~~~~~~~)@.............##
......................(...##
.......................###
##..................####
##..............## #
#......).)....# ##
#..........[..## ###( ###
#.....)(.......# ###... ..###
##.......(......#####..(..


You could see a naga ritualist (fleeing) and a mana viper.

Vanquished Creatures
  Rupert (Lair:4)
  Gastronok (Lair:3)
  Frances (Snake:1)
  A frost giant (IceCv)
  An orc warlord (Orc:4)
  Louise (D:15)
  Nessos (Lair:5)
  A fire dragon (D:15)
  Josephine (D:15)
  A minotaur (Lab)
  Fannar (Lair:3)
  7 hydras
  A naga warrior (Snake:1)
  Erica (Lair:1)
  3 centaur warriors
  2 dancing weapons (D:13)
  A tengu warrior (D:14)
  2 anacondas (Snake:1)
  An ogre mage (D:15)
  9 death yaks
  An orc high priest (Orc:4)
  2 naga sharpshooters (Snake:2)
  Sonja (D:15)
  8 skeletal warriors
  An ice statue (IceCv)
  An unseen horror (D:15)
  Pikel (D:6)
  4 hill giants
  An orb spider (shapeshifter) (D:14)
  5 mana vipers
  2 deep elf conjurers (D:11)
  4 griffons
  2 wolf spiders
  2 ugly things (D:13)
  A cyclops (D:14)
  3 orc sorcerers
  2 salamanders (Snake:2)
  22 elephants
  3 naga magi
  3 orc knights (Orc:4)
  2 sirens (Lair:4)
  18 black mambas
  A guardian serpent (Lair:8)
  14 spiny frogs
  4 gargoyles (Lab)
  4 torpor snails
  A queen ant (Lair:4)
  3 efreet
  A yaktaur (shapeshifter) (D:14)
  4 tengu conjurers
  3 fire drakes
  12 komodo dragons
  A troll (shapeshifter) (D:15)
  2 minotaur zombies (Lab)
  3 merfolk
  The ghost of panicbit the Ducker, an average DrBe of Trog (D:7)
  A merfolk (shapeshifter) (D:15)
  4 trolls
  17 polar bears
  10 slime creatures
  A wind drake (shapeshifter) (D:13)
  6 ravens
  Sigmund (D:2)
  3 wyverns
  12 blink frogs
  4 deep elf magi
  2 shadows
  10 deep elf fighters (D:11)
  49 yaks
  14 hippogriffs
  4 wraiths
  A hungry ghost (D:10)
  Grum (D:9)
  A ynoxinul (Snake:1)
  3 vampire mosquitoes
  31 wolves
  3 basilisks
  3 wargs
  11 nagas
  A mottled dragon (D:15)
  14 porcupines
  4 spiders (Lair:8)
  3 sky beasts
  Duvessa (D:4)
  21 soldier ants
  27 water moccasins
  38 orc warriors
  3 eyes of draining
  5 black bears
  5 wasps
  7 ice beasts
  17 ogres
  4 centaurs
  4 phantoms
  2 boring beetles
  16 crocodiles
  A gnoll sergeant (D:6)
  2 water moccasin zombies (Ossuary)
  6 big kobolds
  23 giant frogs
  12 killer bees
  2 scorpions
  A troll zombie (D:10)
  Dowan (D:4)
  5 wights (D:10)
  4 crimson imps
  A giant frog zombie (D:9)
  5 centaur skeletons
  4 centaur zombies
  3 giant frog skeletons
  3 quasits
  20 orc priests
  6 hounds
  Crazy Yiuf (D:4)
  5 iguanas
  7 jellies
  25 orc wizards
  Terence (D:2)
  30 worker ants
  Natasha (twice) (D:2)
  26 sheep
  4 big kobold zombies (Ossuary)
  7 ogre zombies (D:10)
  3 mummies
  Robin (D:2)
  7 gnolls
  25 adders
  81 river rats
  4 shadow imps
  2 oozes
  3 adder zombies (Ossuary)
  5 giant geckos
  132 orcs
  A bat skeleton (D:4)
  24 goblins
  14 hobgoblins
  8 jackals
  2 quokkas
  3 ball pythons
  10 bats
  6 giant cockroaches
  A giant gecko zombie (D:6)
  3 giant newts
  A giant spore (D:7)
  6 gnoll zombies (Ossuary)
  A goblin skeleton (D:10)
  4 goblin zombies (D:10)
  11 hobgoblin zombies
  34 kobolds
  5 kobold zombies
  An orc skeleton (D:10)
  19 orc zombies
  A quokka skeleton (D:6)
  A quokka zombie (D:7)
  11 rats
  4 ballistomycetes (D:7)
  8 fungi
  10 plants
1204 creatures vanquished.

Vanquished Creatures (collateral kills)
  Asterion (Snake:2)
  A death yak (D:8)
  2 griffons (D:8)
  A red devil (Orc:4)
  4 polar bears (D:8)
  2 hogs (D:8)
  A hound (D:8)
  An orc wizard (Orc:4)
  A sheep (D:8)
  An orc (Orc:4)
15 creatures vanquished.

Vanquished Creatures (others)
  A deep troll (Lair:4)
  A troll (D:8)
  A water elemental (Lair:8)
  A slave (D:6)
  A centaur (D:6)
  A centaur zombie (D:6)
  An adder (D:6)
  2 orcs (D:6)
  A giant newt (D:7)
  A rat (D:6)
  33 fungi (Lair:8)
  11 plants (Lair:8)
55 creatures vanquished.

Grand Total: 1274 creatures vanquished

Notes
Turn   | Place    | Note
--------------------------------------------------------------
     0 | D:1      | kroki, the Vampire Berserker, began the quest for the Orb.
     0 | D:1      | Reached XP level 1. HP: 17/17 MP: 1/1
   154 | D:1      | Reached skill level 3 in Axes
   291 | D:1      | Reached XP level 2. HP: 23/23 MP: 2/2
   833 | D:2      | Noticed Robin
   835 | D:2      | Noticed Natasha
   849 | D:2      | Killed Robin
   849 | D:2      | Reached skill level 4 in Axes
   849 | D:2      | Reached XP level 3. HP: 26/28 MP: 3/3
   857 | D:2      | Killed Natasha
   857 | D:2      | Acquired Trog's second power
   887 | D:2      | Reached XP level 4. HP: 25/34 MP: 4/4
   945 | D:2      | Noticed Terence
  1006 | D:2      | Killed Terence
  1115 | D:2      | Noticed Natasha
  1125 | D:2      | Killed Natasha
  1147 | D:2      | Noticed Sigmund
  1158 | D:2      | Killed Sigmund
  1158 | D:2      | Reached skill level 6 in Axes
  1158 | D:2      | Reached XP level 5. HP: 39/39 MP: 5/5
  1171 | D:2      | Found a bloodstained altar of Trog.
  1200 | D:2      | Reached XP level 6. HP: 42/46 MP: 6/6
  1717 | D:3      | Reached skill level 7 in Axes
  2058 | D:3      | Reached XP level 7. HP: 44/51 MP: 7/7
  2122 | D:4      | Found a sand-covered staircase.
  2134 | Ossuary  | Entered an ossuary
  2206 | Ossuary  | Reached skill level 8 in Axes
  2472 | D:4      | Reached XP level 8. HP: 32/57 MP: 8/8
  2479 | D:4      | Reached skill level 9 in Axes
  2748 | D:4      | Noticed Duvessa
  2749 | D:4      | Noticed Dowan
  2761 | D:4      | Killed Dowan
  2767 | D:4      | Killed Duvessa
  2903 | D:4      | Found a staircase to the Ecumenical Temple.
  2945 | D:4      | Noticed Crazy Yiuf
  2951 | D:4      | Killed Crazy Yiuf
  3106 | D:5      | Entered Level 5 of the Dungeon
  3111 | D:5      | Reached skill level 10 in Axes
  3146 | D:5      | Acquired Trog's third power
  3608 | D:5      | Found a radiant altar of Vehumet.
  3897 | D:6      | Gained mutation: You can spit weak poison. [potion of beneficial mutation]
  3898 | D:6      | Gained mutation: You are partially covered in iridescent scales (AC +4). [potion of beneficial mutation]
  3957 | D:6      | Noticed Pikel
  3977 | D:6      | Killed Pikel
  3977 | D:6      | Reached skill level 11 in Axes
  3977 | D:6      | Reached XP level 9. HP: 41/62 MP: 9/9
  4095 | D:6      | Identified a scroll of acquirement
  4096 | D:6      | Got a transparent greatsling
  4097 | D:6      | Identified the +8 greatsling "Kaawnau" {venom, Str-4 Dex+7} (You acquired it on level 6 of the Dungeon)
  4171 | D:6      | Found Heom's Antique Armour Boutique.
  4199 | D:6      | Found Zuogiw's Armour Emporium.
  4800 | D:6      | Found a shattered altar of Ashenzari.
  4801 | D:6      | Found an opulent altar of Gozag.
  4803 | D:6      | Found an iron altar of Okawaru.
  4812 | D:6      | Found a radiant altar of Vehumet.
  4813 | D:6      | Found a shimmering altar of Xom.
  4931 | D:7      | Reached skill level 12 in Axes
  5179 | D:7      | Noticed panicbit's ghost (average DrBe)
  5214 | D:7      | Killed panicbit's ghost
  5569 | D:7      | Found a white marble altar of Elyvilon.
  5817 | D:8      | Found a huge runed gate.
  5817 | D:8      | Found a huge runed gate.
  5817 | D:8      | Found a huge runed gate.
  5817 | D:8      | Found a huge runed gate.
  5817 | D:8      | Noticed a griffon
  5817 | D:8      | Noticed a griffon
  5817 | D:8      | Noticed a death yak
  5858 | D:8      | Reached skill level 13 in Axes
  5859 | D:8      | Reached XP level 10. HP: 61/68 MP: 10/10
  5862 | D:8      | Killed a griffon
  5866 | D:8      | Killed a griffon
  5891 | D:8      | Killed a death yak
  5903 | D:8      | Reached skill level 14 in Axes
  6167 | D:8      | Found a glowing golden altar of the Shining One.
  6820 | D:9      | Found a staircase to the Lair.
  6843 | D:9      | Received a gift from Trog
  6986 | D:9      | Noticed Grum
  7000 | D:9      | Reached skill level 15 in Axes
  7000 | D:9      | Reached XP level 11. HP: 48/74 MP: 3/11
  7008 | D:9      | Killed Grum
  7478 | Lair:1   | Entered Level 1 of the Lair of Beasts
  7668 | Lair:1   | Noticed Erica
  7681 | Lair:1   | Killed Erica
  8111 | Lair:1   | Noticed a five-headed hydra
  8122 | Lair:1   | Killed a 12-headed hydra
  8122 | Lair:1   | Reached skill level 16 in Axes
  9115 | D:6      | Bought the +1 plate armour of Creativity {rF+ Regen+} for 546 gold pieces
  9268 | Lair:2   | Received a gift from Trog
  9271 | Lair:2   | Got an ichor-stained broad axe {god gift}
  9274 | Lair:2   | Identified the +9 broad axe of Fragile Peace {god gift, drain, rF+} (Trog gifted it to you on level 2 of the Lair of Beasts)
  9424 | Lair:2   | Reached skill level 3 in Fighting
  9424 | Lair:2   | Reached XP level 12. HP: 76/81 MP: 12/12
  9899 | Lair:3   | Reached skill level 2 in Armour
  9947 | Lair:3   | Noticed Gastronok
  9965 | Lair:3   | Killed Gastronok
  9965 | Lair:3   | Reached skill level 17 in Axes
  9965 | Lair:3   | Reached skill level 3 in Dodging
 10102 | Lair:3   | Reached skill level 4 in Dodging
 10104 | Lair:3   | Reached skill level 3 in Armour
 10108 | Lair:3   | Reached skill level 4 in Fighting
 10134 | Lair:3   | Noticed Fannar
 10148 | Lair:3   | Killed Fannar
 10759 | Lair:4   | Received a gift from Trog
 10776 | Lair:4   | Reached skill level 5 in Dodging
 10791 | Lair:4   | Reached skill level 4 in Armour
 10816 | Lair:4   | Reached skill level 5 in Fighting
 10924 | Lair:4   | Found a frozen archway.
 10932 | IceCv    | Entered an ice cave
 10993 | IceCv    | Reached skill level 6 in Dodging
 11033 | IceCv    | Gained mutation: You are frail (-10% HP). [helix card]
 11084 | IceCv    | Reached XP level 13. HP: 81/83 MP: 13/13
 11095 | IceCv    | Reached skill level 5 in Armour
 11121 | IceCv    | Noticed a frost giant
 11138 | IceCv    | Killed a frost giant
 11145 | IceCv    | Reached skill level 6 in Fighting
 11294 | IceCv    | Reached skill level 7 in Dodging
 11898 | Lair:4   | Found a staircase to the Shoals.
 12121 | Lair:4   | Found a staircase to the Snake Pit.
 12200 | Lair:4   | Received a gift from Trog
 12445 | Lair:4   | Noticed Rupert
 12462 | Lair:4   | Killed Rupert
 12462 | Lair:4   | Reached skill level 6 in Armour
 12609 | Lair:4   | Reached skill level 8 in Dodging
 12922 | Lair:5   | Found a labyrinth entrance.
 12942 | Lab      | Entered a labyrinth
 13321 | Lab      | Reached skill level 7 in Fighting
 13561 | Lair:5   | Got a brightly glowing long sword
 13829 | Lair:5   | Noticed Nessos
 13838 | Lair:5   | Killed Nessos
 13864 | Lair:5   | You fall through a shaft!
 14640 | Lair:6   | Received a gift from Trog
 14647 | Lair:6   | Identified the +11 long sword of Vaifuvoaw {flame, rElec Dex+5} (You found it on level 5 of the Lair of Beasts)
 14696 | Lair:6   | Reached XP level 14. HP: 81/92 MP: 9/14
 14701 | Lair:6   | Reached skill level 7 in Armour
 14830 | Lair:7   | Reached skill level 9 in Dodging
 14838 | Lair:7   | Reached skill level 18 in Axes
 14954 | Lair:7   | Reached skill level 8 in Fighting
 15254 | Lair:7   | Received a gift from Trog
 15257 | Lair:7   | Got an encrusted quarterstaff {god gift}
 15259 | Lair:7   | Identified the +3 quarterstaff "Panec" {god gift, venom, rPois} (Trog gifted it to you on level 7 of the Lair of Beasts)
 15442 | Lair:7   | Reached skill level 10 in Dodging
 15478 | Lair:7   | Reached skill level 8 in Armour
 15728 | Lair:8   | Entered Level 8 of the Lair of Beasts
 15905 | Lair:8   | Reached skill level 9 in Fighting
 16072 | Lair:8   | Received a gift from Trog
 16435 | Lair:8   | Reached skill level 11 in Dodging
 16597 | Lair:8   | Reached XP level 15. HP: 72/103 MP: 15/15
 16598 | Lair:8   | Reached skill level 9 in Armour
 16929 | Lair:8   | Reached skill level 10 in Fighting
 17412 | D:10     | Entered Level 10 of the Dungeon
 17471 | D:10     | Found a staircase to the Orcish Mines.
 17472 | D:10     | Received a gift from Trog
 17540 | Orc:1    | Entered Level 1 of the Orcish Mines
 17698 | Orc:1    | Found an iron altar of Okawaru.
 18179 | Orc:2    | Found a roughly hewn altar of Beogh.
 18232 | Orc:2    | Received a gift from Trog
 18575 | Orc:4    | Entered Level 4 of the Orcish Mines
 18702 | Orc:4    | Found a staircase to the Elven Halls.
 18761 | Orc:4    | Found a roughly hewn altar of Beogh.
 18761 | Orc:4    | Found Syarphik's Book Shoppe.
 18837 | Orc:4    | Found a roughly hewn altar of Beogh.
 18892 | Orc:4    | Found a roughly hewn altar of Beogh.
 19103 | Orc:4    | Received a gift from Trog
 19120 | Orc:4    | Reached skill level 12 in Dodging
 19154 | Orc:4    | Found Emeixele's Antique Armour Shoppe.
 19154 | Orc:4    | Found a roughly hewn altar of Beogh.
 19157 | Orc:4    | Found Uzxuesea's Antique Weapon Emporium.
 19169 | Orc:4    | Bought a pair of steaming boots for 237 gold pieces
 19179 | Orc:4    | Identified the cursed -2 pair of boots "Cagoihus" {Str-2 Dex+8} (You bought it in a shop on level 4 of the Orcish Mines)
 19198 | Orc:4    | Bought the +8 mithril axe "Arga" {speed, MR+ Str+2} for 1376 gold pieces
 19227 | Orc:4    | Found a roughly hewn altar of Beogh.
 19324 | Orc:4    | Found a roughly hewn altar of Beogh.
 19375 | Orc:4    | Found a roughly hewn altar of Beogh.
 19385 | Orc:4    | Found Owicryrr's Magic Scroll Emporium.
 19409 | Orc:4    | Bought a scroll of teleportation for 42 gold pieces
 19409 | Orc:4    | Bought 2 scrolls of teleportation for 84 gold pieces
 19409 | Orc:4    | Bought a scroll of fog for 28 gold pieces
 19409 | Orc:4    | Bought a scroll of fog for 28 gold pieces
 19409 | Orc:4    | Bought a scroll of identify for 28 gold pieces
 20345 | D:11     | Received a gift from Trog
 21042 | D:12     | Reached skill level 10 in Armour
 21221 | D:12     | Found a stormy altar of Qazlal.
 21510 | D:12     | Reached skill level 11 in Fighting
 21556 | D:12     | Found a portal to a secret trove of treasure.
 21855 | D:13     | Found a gate to the Vaults.
 21998 | D:13     | Received a gift from Trog
 22766 | D:14     | Reached skill level 13 in Dodging
 23009 | D:14     | Reached XP level 16. HP: 103/112 MP: 16/16
 23398 | D:15     | Entered Level 15 of the Dungeon
 23398 | D:15     | Noticed Sonja
 23407 | D:15     | Killed Sonja
 23431 | D:15     | Identified a +0 rod of ignition (13/13) {!a} (You found it on level 15 of the Dungeon)
 23596 | D:15     | Noticed Josephine
 23608 | D:15     | Killed Josephine
 23724 | D:15     | Received a gift from Trog
 23907 | D:15     | Found a white marble altar of Elyvilon.
 23983 | D:15     | Found a staircase to the Depths.
 24106 | D:15     | Noticed Louise
 24149 | D:15     | Killed Louise
 24151 | D:15     | Got a scorched large shield
 24160 | D:15     | Identified the +6 large shield "Aheschai" {MR++ rCorr Str-5 Int+2} (You took it off Louise on level 15 of the Dungeon)
 24823 | Snake:1  | Entered Level 1 of the Snake Pit
 24839 | Snake:1  | Reached skill level 1 in Shields
 24953 | Snake:1  | Reached skill level 2 in Shields
 25023 | Snake:1  | Reached skill level 11 in Armour
 25061 | Snake:1  | Reached skill level 12 in Fighting
 25430 | Snake:1  | Noticed Frances
 25448 | Snake:1  | Killed Frances
 25454 | Snake:1  | Found Sabrev's Assorted Antiques.
 25458 | Snake:1  | Bought a golden ring for 205 gold pieces
 25841 | Snake:2  | Reached skill level 14 in Dodging
 25956 | Snake:2  | Received a gift from Trog
 26082 | Snake:2  | Noticed Asterion
 26094 | Snake:2  | Killed Asterion
 26167 | Snake:2  | Killed from afar by a naga ritualist

Action                   |  1- 3 |  4- 6 |  7- 9 | 10-12 | 13-15 | 16-18 || total
-------------------------+-------+-------+-------+-------+-------+-------++-------
Melee: Hand axe          |    85 |   194 |   457 |       |       |       ||   736
       Unarmed           |       |     7 |       |       |       |       ||     7
       War axe           |       |       |   242 |   153 |       |       ||   395
       Battleaxe         |       |       |       |   288 |       |       ||   288
       Broad axe         |       |       |       |   311 |  1542 |   430 ||  2283
Throw: Throwing net      |       |       |       |     2 |       |       ||     2
Invok: Berserk           |     1 |     2 |     6 |     6 |     7 |     1 ||    23
       Trog's Hand       |       |       |     1 |     2 |     6 |     5 ||    14
       Brothers in Arms  |       |       |       |     1 |     2 |     1 ||     4
       Burn Spellbooks   |       |       |       |       |     1 |       ||     1
Evoke: Wand              |       |       |     2 |     1 |    10 |     2 ||    15
       Deck              |       |       |       |     2 |     1 |       ||     3
       Phial of floods   |       |       |       |       |     3 |       ||     3
  Use: Scroll            |     8 |     4 |    10 |     9 |    20 |    10 ||    61
       Potion            |       |       |    15 |    17 |    21 |     1 ||    54
 Stab: Distracted        |       |       |       |       |     3 |     1 ||     4
       Paralysed         |       |       |       |       |       |     2 ||     2
  Eat: Corpse            |     9 |     9 |    21 |    25 |    81 |    20 ||   165
